 Dungeon Crawl Stone Soup version 0.22.0-13-g43fe8f2 (webtiles) character file.

114 shmeve the Skirmisher (level 4, -4/40 HPs)
             Began as a Draconian Berserker on Aug 16, 2018.
             Was a Believer of Trog.
             Slain by a gnoll
             ... wielding a +0 spear
              (5 damage)
             ... on level 3 of the Dungeon.
             The game lasted 00:04:29 (1982 turns).

shmeve the Skirmisher (Draconian Berserker)         Turns: 1982, Time: 00:04:29

Health: -4/40      AC:  5    Str: 20    XL:     4   Next: 67%
Magic:  4/4        EV: 13    Int:  8    God:    Trog [**....]
Gold:   113        SH:  0    Dex: 10    Spells: 3/3 levels left

rFire    . . .     SeeInvis .   a - +0 hand axe
rCold    . . .     Gourm    .   (no shield)
rNeg     + . .     Faith    .   (armour unavailable)
rPois    .         Spirit   .   (helmet restricted)
rElec    .         Reflect  .   n - scarf {repulsion}
rCorr    .         Harm     .   (no gloves)
MR       .....                  (no boots)
Stlth    ++........             (no amulet)
HPRegen  0.13/turn              c - ring of positive energy
MPRegen  0.09/turn              (no ring)

@: repel missiles
A: unfitting armour, cold-blooded, AC +5
a: Berserk, Trog's Hand, Renounce Religion


You were on level 3 of the Dungeon.
You worshipped Trog.
Trog was pleased with you.
You were not hungry.

You visited 1 branch of the dungeon, and saw 3 of its levels.

You collected 113 gold pieces.

Inventory:

Hand Weapons
 a - a +0 hand axe (weapon)
Armour
 i - a +0 pair of gloves
 n - a scarf of repulsion (worn)
Jewellery
 c - a ring of positive energy (left hand)
Scrolls
 d - 3 scrolls of remove curse
 f - 4 scrolls of identify {unknown}
 g - 4 scrolls of enchant armour {unknown}
 l - a scroll of enchant weapon {unknown}
 o - a scroll of teleportation {unknown}
Potions
 e - 2 potions of degeneration {unknown}
 h - a potion of heal wounds {unknown}
 k - a potion of curing {unknown}
 m - a potion of berserk rage {unknown}
Comestibles
 b - 5 rations
 j - 6 chunks of flesh


   Skills:
 * Level 4.1 Fighting
 * Level 3.7 Axes
 * Level 3.4 Dodging
 * Level 2.0 Stealth


You had 3 spell levels left.
You didn't know any spells.
Your spell library was empty.

Dungeon Overview and Level Annotations

Branches:
Dungeon (3/15)

Altars:


Innate Abilities, Weirdness & Mutations

Your plain brown scales are hard. (AC +5)
You cannot fit into any form of body armour.
You are cold-blooded and may be slowed by cold attacks.


Message History

The gnoll hits you from afar with a spear.
* * * LOW HITPOINT WARNING * * *
You closely miss the gnoll.
The gnoll is almost dead.
The gnoll hits you with a whip!
* * * LOW HITPOINT WARNING * * *
The gnoll hits you from afar with a spear.
* * * LOW HITPOINT WARNING * * *
You hit the gnoll.
You kill the gnoll!
Trog accepts your kill.
Your Stealth skill increases to level 2!
The gnoll closely misses you. The gnoll closely misses you.
Things that are here:
a whip; 23 stones You hit the gnoll but do no damage.
You tail-slap the gnoll.
The gnoll is moderately wounded.
The gnoll hits you with a spear.
You die...

#........# ##..).....
#........# #...[....
#........# ##.######
#...)....# #..##...
#........# ##.##.##
########## #.##.##
#.##.##
##################..#.##
......g@.(..(..#......##
##############.#.##..###
#...###.# # ##### #.# #
#.### #..## ##.## #.##
#..#


You could see a gnoll.

Vanquished Creatures
  A gnoll (D:3)
  3 adders (D:2)
  2 dart slugs
  3 leopard geckos (D:1)
  5 orcs (D:3)
  A ball python (D:2)
  2 giant cockroaches
  14 goblins
  3 hobgoblins (D:2)
  4 kobolds
  3 quokkas
  15 bats
  A frilled lizard (D:2)
  4 rats
61 creatures vanquished.

Notes
Turn   | Place    | Note
-------+----------+-------------------------------------------
     0 | D:1      | shmeve the Draconian Berserker began the quest for the Orb.
     0 | D:1      | Reached XP level 1. HP: 19/19 MP: 1/1
    76 | D:1      | Reached XP level 2. HP: 26/26 MP: 2/2
   372 | D:1      | Reached skill level 1 in Stealth
   576 | D:1      | Reached XP level 3. HP: 33/33 MP: 3/3
   639 | D:1      | Reached ** piety under Trog
  1173 | D:2      | Reached XP level 4. HP: 33/40 MP: 4/4
  1317 | D:2      | Reached skill level 4 in Fighting
  1979 | D:3      | HP: 1/40 [gnoll/spear (3)]
  1982 | D:3      | Slain by a gnoll

Skill      XL: |  1  2  3  4 |
---------------+-------------+-----
Stealth        | 1 2 |  2.0
Dodging        | 3 |  3.4
Fighting       | 4 |  4.1
Axes           | |  3.7

Action                   |  1- 3 |  4- 6 || total
-------------------------+-------+-------++-------
Melee: Hand axe          |    77 |    64 ||   141
       Tailslap          |     9 |     9 ||    18
Invok: Berserk           |     1 |       ||     1
  Use: Scroll            |       |     1 ||     1
 Stab: Sleeping          |     3 |     1 ||     4
  Eat: Chunk             |     1 |     3 ||     4
Armor: Skin              |    49 |    25 ||    74
Dodge: Dodged            |    84 |    74 ||   158
       Deflected         |       |     2 ||     2
